 Dungeon Crawl Stone Soup version 0.28.0-53-g5a82cb258f (webtiles) character file.

Game seed: 10334410425654243236

329 raph the Spear-Bearer (level 6, 0/46 HPs)
             Began as a Merfolk Gladiator on June 21, 2022.
             Was an Initiate of Okawaru.
             Succumbed to a scorpion's poison
             ... on level 4 of the Dungeon.
             The game lasted 00:06:53 (4497 turns).

raph the Spear-Bearer (Merfolk Gladiator)           Turns: 4497, Time: 00:06:54

Health: 0/46       AC:  6    Str: 14    XL:     6   Next: 50%
Magic:  6/6        EV: 14    Int: 10    God:    Okawaru [......]
Gold:   163        SH:  0    Dex: 17    Spells: 5/5 levels left

rFire   + . .      SeeInvis .   a - +1 trident
rCold   + . .      Faith    .   (no shield)
rNeg    . . .      Spirit   .   b - +0 leather armour
rPois   +          Reflect  .   c - +0 helmet
rElec   +          Harm     .   (no cloak)
rCorr   +          Rampage  .   (no gloves)
Will    .....                   (no boots)
Stlth   ++........              (no amulet)
HPRegen 0.15/turn               (no ring)
MPRegen 0.10/turn               (no ring)

@: lethally poisoned (0 -> -6), resistant, hasted, very quick
A: (nimble swimmer 2), mertail, iridescent scales 1, clever 1, inability to read
while threatened
a: Renounce Religion


You were on level 4 of the Dungeon.
You worshipped Okawaru.
Okawaru was noncommittal.
You visited 2 branches of the dungeon, and saw 7 of its levels.

You collected 163 gold pieces.

Inventory:

Hand Weapons
 a - a +1 trident (weapon)
Missiles
 d - 2 throwing nets
 f - 6 boomerangs (quivered)
Armour
 b - a +0 leather armour (worn)
 c - a +0 helmet (worn)
Jewellery
 e - a +4 ring of evasion
 l - a ring of flight
Scrolls
 h - a scroll of holy word
 m - a scroll of fear
 o - a scroll of teleportation
 p - a scroll of immolation
Potions
 g - 5 potions of brilliance
 j - 2 potions of attraction
 r - a potion of magic


   Skills:
 + Level 2.7 Fighting
 * Level 9.0 Polearms
 + Level 2.4 Throwing
 + Level 4.6 Dodging
 + Level 1.5 Stealth


You had 5 spell levels left.
You didn't know any spells.
Your spell library contained the following spells:

 Spells                   Type           Power      Damage    Failure   Level
 Apportation              Tloc           0%         N/A       43%         1
 Magic Dart               Conj           0%         1d3       43%         1
 Ensorcelled Hibernation  Hex/Ice        0%         N/A       58%         2
 Ignite Poison            Fire/Tmut/Pois 0%         N/A       82%         3
 Mephitic Cloud           Conj/Pois/Air  0%         N/A       82%         3
 Spider Form              Tmut/Pois      0%         N/A       82%         3
 Anguish                  Hex/Necr       0%         N/A       99%         4
 Freezing Cloud           Conj/Ice/Air   0%         6-21      100%        5
 Animate Skeleton         Necr           Unusable   N/A       N/A         1
 Summon Small Mammal      Summ           Unusable   N/A       N/A         1
 Call Imp                 Summ           Unusable   N/A       N/A         2

Dungeon Overview and Level Annotations

Branches:
Dungeon (6/15)             Temple (1/1) D:6

Altars:
Ashenzari
Cheibriados
Elyvilon
Fedhas
Hepliaklqana
Kikubaaqudgha
Makhleb
Nemelex Xobeh
Okawaru
Qazlal
Ru
Sif Muna
Uskayaw
Vehumet
Wu Jian
Yredelemnul
Zin
The Shining One

Shops:
D:6 [


Innate Abilities, Weirdness & Mutations

((You are very nimble when in or above water. (Stealth+, EV+, Speed+++)))
Your lower body shifts to a powerful aquatic tail in water.
You are partially covered in iridescent scales. (AC +2)
Your mind is acute. (Int +2)
You sometimes lose the ability to read scrolls when taking damage.


Message History

The sky beast completely misses you.
You hit the sky beast but do no damage.
The sky beast is moderately wounded.
The sky beast misses you.
You hit the sky beast.
The sky beast is heavily wounded.
The sky beast flickers out of sight!
Deactivating autopickup; reactivate with Ctrl-A.
Something hits you but does no damage.
You closely miss something. Something hits you. Something shocks you.
Something you can't see is in the way.
You hit something but do no damage. Something hits you. Something shocks you.
You are too injured to fight recklessly!
You are too injured to fight recklessly!
You are too injured to fight recklessly!
Something hits you. Something shocks you. The scorpion stings you.
* * * LOW HITPOINT WARNING * * *
You are lethally poisoned!
The scorpion poisons you!
You climb upwards.
Reactivating autopickup.
* * * LOW HITPOINT WARNING * * *
You feel very sick.
There is a stone staircase leading down here.
Okay, then.
It was a potion of resistance.
You feel protected.
* * * LOW HITPOINT WARNING * * *
You feel sick. The scorpion completely misses you.
Something hits you but does no damage.
Deactivating autopickup; reactivate with Ctrl-A.
It was a potion of haste.
You feel yourself speed up.
* * * LOW HITPOINT WARNING * * *
You feel sick. The scorpion barely misses you.
Something hits you but does no damage.
It was a potion of mutation.
You feel extremely strange.
Iridescent scales grow over part of your body.
You feel clever.
You lose the ability to read scrolls when threatened.
You die...

#### ##### ###########..# #...###
##..#.....#...# #.....#
##............## #....##
...........#...# ###....##
...###....###..####....#..#
..##....#..##....#.....#..##
...............s@...#......#
#...?##..........{.###...### ####
.................#####...#####...
#..............#..###..##...#....
##.............##................
.........)....###.......)..#...≈≈
.............####..............≈≈
.......................).....≈≈≈≈
...........................≈≈.≈≈≈


You could see a scorpion.

Vanquished Creatures
  An ogre (D:3)
  4 orc wizards
  4 adders
  A white imp (D:3)
  An ufetubus (D:6)
  An adder zombie (D:3)
  2 worms
  3 dart slugs
  8 orcs
  4 ball pythons
  11 endoplasms
  2 giant cockroaches (D:2)
  8 goblins
  4 hobgoblins
  3 jackals (D:3)
  5 quokkas
  4 bats
  5 frilled lizards
  6 kobolds
  3 rats
80 creatures vanquished.

Vanquished Creatures (others)
  A demonic plant (D:1)
  A fungus (D:1)
  4 plants (D:4)
6 creatures vanquished.

Grand Total: 86 creatures vanquished

Notes
Turn   | Place    | Note
-------+----------+-------------------------------------------
     0 | D:1      | raph the Merfolk Gladiator began the quest for the Orb.
     0 | D:1      | Reached XP level 1. HP: 16/16 MP: 1/1
    16 | D:1      | Found a faded altar of an unknown god.
   204 | D:1      | Reached skill level 5 in Polearms
   327 | D:1      | Reached XP level 2. HP: 22/22 MP: 2/2
  1395 | D:2      | Reached skill level 6 in Polearms
  1395 | D:2      | Reached XP level 3. HP: 21/27 MP: 3/3
  2061 | D:3      | Reached skill level 7 in Polearms
  2061 | D:3      | Reached XP level 4. HP: 21/33 MP: 4/4
  2646 | D:3      | Reached skill level 8 in Polearms
  2646 | D:3      | Reached XP level 5. HP: 37/38 MP: 5/5
  2811 | D:3      | Noticed a +0 spear
  2812 | D:3      | Noticed a +0 short sword
  2814 | D:3      | Noticed a +0 falchion
  2814 | D:3      | Noticed a +0 falchion
  2814 | D:3      | Noticed a +0 spear
  2815 | D:3      | Noticed a +0 dagger
  2815 | D:3      | Noticed a +0 dagger
  2816 | D:3      | Noticed a +0 short sword
  2844 | D:3      | Found a hide-covered altar of Uskayaw.
  3075 | D:4      | Noticed an ogre
  3093 | D:3      | Killed an ogre
  3094 | D:3      | Reached skill level 1 in Stealth
  3094 | D:3      | Reached XP level 6. HP: 36/46 MP: 6/6
  3284 | D:4      | You fall into a shaft and drop 2 floors!
  3289 | D:6      | Found Fiplaf's Armour Emporium.
  3307 | D:6      | Found a staircase to the Ecumenical Temple.
  3323 | Temple   | Entered the Ecumenical Temple
  3542 | Temple   | Became a worshipper of Warmaster Okawaru
  3821 | D:5      | Entered Level 5 of the Dungeon
  3822 | D:5      | Noticed a sky beast
  3925 | D:4      | Reached skill level 9 in Polearms
  4425 | D:4      | Found a glowing silver altar of Zin.
  4495 | D:4      | HP: 2/46 [poisoned by a scorpion]
  4497 | D:4      | Gained mutation: You are partially covered in iridescent
                  | scales. (AC +2) [potion of mutation]
  4497 | D:4      | Gained mutation: Your mind is acute. (Int +2) [potion of
                  | mutation]
  4497 | D:4      | Gained mutation: You sometimes lose the ability to read
                  | scrolls when taking damage. [potion of mutation]
  4497 | D:4      | Succumbed to a scorpion's poison

Illustrated notes

Levels and vault maps discovered:
D:1:      pf_arrival_petrified_forest, layout_loops_cross,
          shapermc_ecumenical_altar_gd
D:2:      layout_rooms, minmay_close_crescents
D:3:      layout_rooms, nicolae_uskayaw_en_pointe
D:4:      layout_cave_pools, mainiacjoe_overflow_alcove_4, chequers_big_river
D:5:      layout_loops_ring, minivault_19
D:6:      layout_basic, minmay_temple_entry_offerings, serial_shops,
          nicolae_shop_hallway_stairs, grunt_decor_one_mirror
Temple:   eino_temple_scatter_basement

Skill      XL: |  1  2  3  4  5  6 |
---------------+-------------------+-----
Polearms       | 5 6 7 8 9 |  9.0
Stealth        | 1 |  1.5
Fighting       | |  2.7
Throwing       | |  2.4
Dodging        | |  4.6

Action                   |  1- 3 |  4- 6 || total
-------------------------+-------+-------++-------
Melee: Trident           |   104 |   147 ||   251
       Punch             |       |     3 ||     3
Throw: Boomerang         |     4 |     9 ||    13
       Throwing net      |       |     2 ||     2
  Use: Scroll            |     7 |     4 ||    11
       Potion            |       |     3 ||     3
 Stab: Sleeping          |     2 |       ||     2
       Distracted        |       |     1 ||     1
       Held in net/web   |       |     1 ||     1
Armor: Leather armour    |    17 |    22 ||    39
Dodge: Dodged            |    49 |    70 ||   119
